[Event "Titled Tuesday Blitz September 14 2021"]
[White "Moroni, Luca Jr"]
[Black "Perez Molina, Robinson"]
[WhiteFideId "865834"]
[BlackFideId "3403882"]
[WhiteElo "2491"]
[BlackElo "2252"]
[Result "1-0"]
[Round "08"]
[TimeControl "180+1"]
[Date "2021.09.15"]
[WhiteClock "0:00:59"]
[BlackClock "0:00:05"]

1. d4 Nf6 2. c4 e6 3. Nc3 Bb4 4. Nf3 b6 5. Qb3 c5 6. dxc5 Bxc5 7. Bf4 O-O 8. e3 Bb7 9. Rd1 d5 10. cxd5 exd5 11. Be2 Nc6 12. O-O Na5 13. Qa4 Bc6 14. Bb5 Bxb5 15. Nxb5 a6 16. Nc7 Ra7 17. b4 Rxc7 18. Bxc7 Qxc7 19. bxa5 b5 20. Qc2 Qe7 21. Nd4 g6 22. Qb3 Qd8 23. Nc6 Qd6 24. Nd4 Qd8 25. Qc2 Bxd4 26. Rxd4 Qxa5 27. Qc6 Kg7 28. a4 Rb8 29. Rf4 Rb6 30. Qc7 b4 31. g4 h6 32. h4 g5 33. hxg5 hxg5 34. Rf5 b3 35. Rxg5+ Kf8 36. Qd8+ Ne8 37. Re5 Qxa4 38. Qxb6 1-0


[Site "https://www.chess.com"]

[Event "Titled Tuesday Blitz September 14 2021"]
[White "Nesterov, Arseniy"]
[Black "Lagarde, Maxime"]
[WhiteFideId "24198455"]
[BlackFideId "662399"]
[WhiteElo "2494"]
[BlackElo "2615"]
[Result "1-0"]
[Round "08"]
[TimeControl "180+1"]
[Date "2021.09.15"]
[WhiteClock "0:00:30"]
[BlackClock "0:02:01"]

1. d4 d6 2. c4 Nf6 3. Nc3 Bf5 4. g3 Nc6 5. Bg2 Qd7 6. e4 Bg4 7. f3 Bh5 8. h4 Bg6 9. Bh3 e6 10. Nge2 h6 11. Nf4 Bh7 12. d5 Nd8 13. Be3 c5 14. Qd2 a6 15. O-O-O b5 16. dxe6 fxe6 17. Ncd5 Rb8 18. Nxe6 Nxe6 19. Bxe6 Qb7 20. cxb5 axb5 21. Nxf6+ gxf6 22. Bd5 Qa6 23. Bxh6 c4 24. Bxf8 Rxf8 25. Qh6 Qa7 26. Bc6+ 1-0


[Site "https://www.chess.com"]

[Event "Titled Tuesday Blitz September 14 2021"]
[White "Nimrod_Veinberg"]
[Black "Baskin, Robert"]
[BlackFideId "24662402"]
[WhiteElo "2740"]
[BlackElo "2521"]
[Result "1-0"]
[Round "08"]
[TimeControl "180+1"]
[Date "2021.09.15"]
[WhiteClock "0:00:13"]
[BlackClock "0:00:01"]

1. d4 Nf6 2. Bf4 d5 3. Nf3 c5 4. e3 Nc6 5. Nbd2 Qb6 6. dxc5 Qxb2 7. Rb1 Qc3 8. Bb5 e6 9. O-O Be7 10. Ne5 Bd7 11. Nd3 O-O 12. Bc7 b6 13. cxb6 axb6 14. a4 Qa5 15. c4 Rfc8 16. Bg3 Qa7 17. Bh4 Ne4 18. cxd5 exd5 19. Nxe4 dxe4 20. Bxe7 Nxe7 21. Nf4 Bxb5 22. axb5 Ng6 23. Nh5 Rd8 24. Qg4 Qe7 25. Ng3 Re8 26. Rfd1 Rad8 27. h3 Rxd1+ 28. Rxd1 h6 29. Rd4 Qc5 30. Qd7 Re7 31. Qc6 Qxc6 32. bxc6 Ne5 33. Nf5 Rc7 34. Rxe4 Nd3 35. Re8+ Kh7 36. Ne7 Ne5 37. f4 Nxc6 38. Nd5 Rb7 39. Rc8 Ne7 40. Nxe7 Rxe7 41. Kf2 Rb7 42. Rc4 b5 43. Rb4 Kg6 44. g4 Kf6 45. e4 Ke6 46. Ke3 Kd6 47. Kd4 f6 48. h4 g5 49. hxg5 hxg5 50. f5 Rb8 51. e5+ fxe5+ 52. Ke4 Rb7 53. Rb1 b4 54. Rd1+ Kc5 55. Kxe5 b3 56. Kf6 b2 57. Rb1 Kd4 58. Kxg5 Kc3 59. Kf6 Kd4 60. g5 Rb6+ 61. Kg7 Ke5 62. f6 Kf5 63. f7 Rb7 64. Rxb2 1-0


[Site "https://www.chess.com"]

[Event "Titled Tuesday Blitz September 14 2021"]
[White "Pandey Srishti"]
[Black "Maly, Alexey"]
[WhiteFideId "35093290"]
[BlackFideId "14103184"]
[WhiteElo "1816"]
[BlackElo "2250"]
[Result "0-1"]
[Round "08"]
[TimeControl "180+1"]
[Date "2021.09.15"]
[WhiteClock "0:00:20"]
[BlackClock "0:00:17"]

1. d4 d5 2. c4 dxc4 3. e3 Nf6 4. Nf3 e6 5. Bxc4 a6 6. O-O b5 7. Bd3 Bb7 8. a4 b4 9. Nbd2 Nbd7 10. e4 Be7 11. Qe2 c5 12. Nc4 cxd4 13. Nxd4 Nc5 14. Be3 Nxd3 15. Qxd3 Bxe4 16. Qe2 O-O 17. Rfd1 Bd5 18. Nc6 Qc7 19. Nxe7+ Qxe7 20. Nb6 Rab8 21. Bd4 Bxg2 22. Kxg2 Rxb6 23. Bxb6 Qb7+ 24. Qf3 Qxb6 25. a5 Qb5 26. Rd6 Nd5 27. Kh1 g6 28. h4 h5 29. Rg1 Qc4 30. Qxh5 Qe4+ 31. f3 Qf4 32. Rxe6 Nf6 33. Rxf6 Qxf6 34. b3 Kg7 35. Qg4 Rh8 36. h5 Qe5 37. Kg2 Rxh5 38. Kf2 Rh2+ 39. Rg2 Qb2+ 40. Kf1 Qxg2+ 41. Qxg2 Rxg2 42. Kxg2 Kf6 43. f4 Kf5 44. Kf3 f6 45. Ke3 g5 46. fxg5 fxg5 47. Kd4 g4 48. Kc4 g3 49. Kc5 g2 50. Kb6 g1=Q+ 51. Kxa6 Qc5 52. Kb7 Qxa5 53. Kc6 Qa3 54. Kb7 Qxb3 55. Ka8 Qc3 56. Ka7 b3 57. Ka8 Qb4 58. Ka7 b2 59. Ka8 b1=Q 60. Ka7 Qa1# 0-1


[Site "https://www.chess.com"]

[Event "Titled Tuesday Blitz September 14 2021"]
[White "Perez Gormaz, Matias"]
[Black "Goltsev, Dmitry"]
[WhiteFideId "3406342"]
[BlackFideId "24176710"]
[WhiteElo "2352"]
[BlackElo "2334"]
[Result "1/2-1/2"]
[Round "08"]
[TimeControl "180+1"]
[Date "2021.09.15"]
[WhiteClock "0:00:04"]
[BlackClock "0:00:02"]

1. e4 e6 2. d4 d5 3. Nc3 Nf6 4. e5 Nfd7 5. f4 c5 6. Nf3 b6 7. Be3 Ba6 8. Bxa6 Nxa6 9. O-O Rc8 10. f5 exf5 11. Nxd5 Nc7 12. Nf4 cxd4 13. Bxd4 Bc5 14. Qe2 O-O 15. Rad1 Qe7 16. Rfe1 Rfe8 17. c3 Rcd8 18. Kh1 Nf8 19. b4 Bxd4 20. Nxd4 Nfe6 21. Nc6 Qh4 22. Nxe6 Rxd1 23. Rxd1 Nxe6 24. Nxa7 h6 25. Nb5 Ng5 26. Nd6 Re6 27. Nxf5 Qf4 28. Nd4 Rxe5 29. Qf1 Qe3 30. Nf3 Ne4 31. Rd8+ Kh7 32. Nxe5 Nf2+ 33. Kg1 Ng4+ 34. Kh1 Qxe5 35. g3 Qe4+ 36. Kg1 Qe3+ 37. Kh1 Ne5 38. Qf5+ g6 39. Qf6 Qe1+ 40. Kg2 Qe2+ 41. Kh3 Qh5+ 42. Kg2 Qe2+ 43. Kh3 Qg4+ 44. Kg2 Qe4+ 45. Kh3 Qg4+ 46. Kg2 Qe2+ 1/2-1/2


[Site "https://www.chess.com"]

[Event "Titled Tuesday Blitz September 14 2021"]
[White "Quintiliano Pinto, Renato R."]
[Black "Visakh N R"]
[WhiteFideId "2117568"]
[BlackFideId "25012223"]
[WhiteElo "2439"]
[BlackElo "2454"]
[Result "0-1"]
[Round "08"]
[TimeControl "180+1"]
[Date "2021.09.15"]
[WhiteClock "0:01:38"]
[BlackClock "0:01:55"]

1. d4 Nf6 2. c4 e6 3. Nf3 Bb4+ 4. Nbd2 O-O 5. a3 Bxd2+ 6. Bxd2 a5 7. b3 b6 8. e3 Bb7 9. Bd3 Ne4 10. Bc1 f5 11. Bb2 d6 12. Qc2 Nd7 13. O-O Qf6 14. d5 Qg6 15. Rad1 Ndc5 16. Be2 f4 17. b4 axb4 18. axb4 Ng3 19. Bd3 Nxd3 20. Rxd3 Nxf1 21. Kxf1 e5 0-1


[Site "https://www.chess.com"]

[Event "Titled Tuesday Blitz September 14 2021"]
[White "Rastbod, Ali"]
[Black "Jones, Gawain C B"]
[WhiteFideId "12567477"]
[BlackFideId "409561"]
[WhiteElo "2226"]
[BlackElo "2657"]
[Result "1-0"]
[Round "08"]
[TimeControl "180+1"]
[Date "2021.09.15"]
[WhiteClock "0:00:10"]
[BlackClock "0:00:10"]

1. c4 g6 2. d4 Bg7 3. Nf3 Nf6 4. g3 c5 5. dxc5 Na6 6. Bg2 Nxc5 7. O-O O-O 8. Nc3 b6 9. Nd4 Bb7 10. Bxb7 Nxb7 11. b3 Rc8 12. e4 Nc5 13. Re1 d6 14. Bb2 Ng4 15. Qxg4 Bxd4 16. Rad1 e5 17. Rxd4 exd4 18. Nd5 Ne6 19. f4 Re8 20. f5 Nc7 21. Nf4 Qf6 22. Nh5 Qe5 23. Rf1 Kh8 24. Qd1 Qxe4 25. Bxd4+ Re5 26. Nf6 Qc6 27. Qd2 Ne8 28. Ng4 Ng7 29. Qh6 Qe4 30. Bxe5 Qxe5 31. Nxe5 dxe5 32. fxg6 fxg6 33. Qg5 Re8 34. Qxe5 Kg8 35. Qd5+ Kh8 36. Rf7 h5 37. Qd4 Rg8 38. Qf6 Kh7 39. Rf8 Rxf8 40. Qxf8 Nf5 41. Qf7+ Kh6 42. Qxa7 Nd6 43. Qxb6 Nf5 44. Qf2 Kg5 45. Qf4+ Kf6 46. c5 Ke6 47. c6 Ne7 48. Qe4+ Kd6 49. c7 Nc8 50. Qb7 Kd7 51. b4 g5 52. Qb8 Nd6 53. Qd8+ Kc6 54. Qxd6+ Kxd6 55. c8=Q Ke5 56. Qc5+ Ke4 57. Qxg5 Kf3 58. Qxh5+ Ke4 1-0


[Site "https://www.chess.com"]

[Event "Titled Tuesday Blitz September 14 2021"]
[White "Sonis, Francesco"]
[Black "Taboas Rodriguez, Daniel"]
[WhiteFideId "895733"]
[BlackFideId "2208466"]
[WhiteElo "2373"]
[BlackElo "2429"]
[Result "1-0"]
[Round "08"]
[TimeControl "180+1"]
[Date "2021.09.15"]
[WhiteClock "0:00:19"]
[BlackClock "0:00:03"]

1. c4 Nf6 2. Nc3 g6 3. g3 Bg7 4. Bg2 O-O 5. e4 c5 6. Nge2 Nc6 7. d3 d6 8. h3 Ne8 9. Be3 Nc7 10. d4 cxd4 11. Nxd4 Ne6 12. Nde2 Bd7 13. O-O a6 14. Rc1 Rb8 15. a4 Ne5 16. Nd5 b5 17. axb5 axb5 18. b3 bxc4 19. bxc4 Rc8 20. Nb6 Rb8 21. f4 Rxb6 22. fxe5 dxe5 23. Bxb6 Qxb6+ 24. Kh2 Bc6 25. c5 Qb4 26. Nc3 Nd4 27. Nd5 Qb7 28. Qd3 Bb5 29. Qb1 e6 30. Nf6+ Kh8 31. Rf2 Qa6 32. Ra2 Qc6 33. Ng4 h5 34. Ne3 Bh6 35. Ra3 Ne2 36. Rc2 h4 37. Bf1 hxg3+ 38. Kh1 Nd4 39. Rg2 Bf4 40. Bxb5 Nxb5 41. Ra5 Nc3 42. Qd3 Nxe4 43. Nd1 Nf2+ 44. Nxf2 gxf2 45. Qe2 Be3 46. Kh2 Bd4 47. Rg4 Kg7 48. Rxd4 exd4 49. Qxf2 e5 50. Qf1 Rd8 51. Ra6 Qd5 52. Qf6+ Kg8 53. Rd6 1-0


[Site "https://www.chess.com"]

[Event "Titled Tuesday Blitz September 14 2021"]
[White "Srihari L R"]
[Black "Chigaev, Maksim"]
[WhiteFideId "46617116"]
[BlackFideId "4108116"]
[WhiteElo "2121"]
[BlackElo "2610"]
[Result "0-1"]
[Round "08"]
[TimeControl "180+1"]
[Date "2021.09.15"]
[WhiteClock "0:00:15"]
[BlackClock "0:00:26"]

1. d4 Nf6 2. c4 e6 3. Nf3 d5 4. Nc3 a6 5. cxd5 exd5 6. Bg5 Be6 7. e3 Nbd7 8. Bd3 Bd6 9. O-O O-O 10. Qc2 h6 11. Bh4 c6 12. Rfe1 Qc7 13. Bg3 Rfe8 14. a3 Bg4 15. Nh4 Bxg3 16. hxg3 Qd6 17. Bf5 Rad8 18. Bxg4 Nxg4 19. Qf5 Ngf6 20. g4 Ne4 21. Nxe4 Rxe4 22. Qf3 Nf6 23. Nf5 Qe6 24. g5 hxg5 25. Ng3 Rh4 26. Nf5 Rh7 27. Ng3 Re8 28. Qf5 g6 29. Qxg5 Kg7 30. f3 Nh5 31. e4 Nxg3 32. Qxg3 Reh8 33. Kf2 Rh5 34. Re2 dxe4 35. Rxe4 Qb3 36. Re2 Rd8 37. Rd2 Rxd4 38. Rad1 Rxd2+ 39. Rxd2 Rd5 40. Re2 Qb6+ 41. Ke1 Qg1# 0-1


[Site "https://www.chess.com"]

[Event "Titled Tuesday Blitz September 14 2021"]
[White "Stoyanov, Tsvetan"]
[Black "Maghsoodloo, Parham"]
[WhiteFideId "2917173"]
[BlackFideId "12539929"]
[WhiteElo "2191"]
[BlackElo "2601"]
[Result "0-1"]
[Round "08"]
[TimeControl "180+1"]
[Date "2021.09.15"]
[WhiteClock "0:00:02"]
[BlackClock "0:01:12"]

1. c4 e6 2. Nc3 d5 3. d4 Bb4 4. Nf3 Nf6 5. e3 O-O 6. Bd3 c5 7. O-O cxd4 8. exd4 dxc4 9. Bxc4 b6 10. a3 Bxc3 11. bxc3 Bb7 12. Qe2 Nbd7 13. Bd3 Rc8 14. Bd2 Re8 15. Rfd1 Qc7 16. Rac1 e5 17. Nxe5 Nxe5 18. dxe5 Rxe5 19. Be3 Nd5 20. Qd2 Nxe3 21. fxe3 Qc5 22. Bf1 Rxe3 23. Kh1 Ree8 24. Qf4 Bc6 25. Qb4 Qf2 26. Qd4 Qf5 27. Bd3 Qg5 28. Bf1 h5 29. Qd2 Qg6 30. c4 h4 31. h3 Qg3 32. Rc3 Qe5 33. Qd4 Qh5 34. c5 bxc5 35. Qd2 Be4 36. Re1 Rcd8 37. Qf2 Re5 38. Rce3 Rd4 0-1


[Site "https://www.chess.com"]

[Event "Titled Tuesday Blitz September 14 2021"]
[White "Weetik, Vjacheslav"]
[Black "Yoo, Christopher Woojin"]
[WhiteFideId "4153472"]
[BlackFideId "30909694"]
[WhiteElo "2469"]
[BlackElo "2105"]
[Result "1/2-1/2"]
[Round "08"]
[TimeControl "180+1"]
[Date "2021.09.15"]
[WhiteClock "0:00:02"]
[BlackClock "0:00:03"]

1. e4 d5 2. exd5 Qxd5 3. Nc3 Qd6 4. d4 Nf6 5. Nf3 Nc6 6. Nb5 Qd8 7. c4 a6 8. Nc3 Bg4 9. d5 Ne5 10. Be2 Bxf3 11. Bxf3 g6 12. O-O Bg7 13. Re1 Nxf3+ 14. Qxf3 O-O 15. Bg5 h6 16. Bh4 b5 17. cxb5 axb5 18. a3 Qd7 19. Rad1 Rfb8 20. Na2 g5 21. Bg3 Ne8 22. Re2 Nd6 23. Nb4 Re8 24. Nc6 Nc4 25. Rde1 e6 26. dxe6 fxe6 27. Be5 Rf8 28. Qe4 Nxe5 29. Nxe5 Qd5 30. Ng6 Qxe4 31. Rxe4 Rfe8 32. R1e2 Rad8 33. g3 Rd5 34. h4 Kf7 35. h5 c5 36. b3 Bf6 37. a4 b4 38. Kg2 Rd3 39. R2e3 Rc3 40. Kf3 Bd4 41. Rxc3 bxc3 42. Ke2 Rb8 43. Kd3 Rxb3 44. Ne5+ Kf6 45. Ng4+ Ke7 46. Nxh6 Rb2 47. Re2 Rxe2 48. Kxe2 c2 49. Kd2 Bxf2 50. Ng4 Bxg3 51. Kxc2 Bb8 52. Kd3 e5 53. h6 Kf7 54. a5 Kg6 55. a6 Ba7 56. Nxe5+ Kxh6 57. Nc6 Bb6 58. Kc4 g4 59. Kb5 g3 60. Kxb6 g2 61. a7 g1=Q 62. a8=Q c4+ 63. Kb5 Qb1+ 64. Kxc4 Qe4+ 65. Kc5 Qe3+ 66. Kd6 Qf4+ 67. Kd7 Qf7+ 68. Ne7 Kg7 69. Qg2+ Kf8 70. Qe4 Kg7 71. Qe5+ Kh7 72. Qd6 Kg7 73. Kd8 Qf6 74. Qxf6+ Kxf6 1/2-1/2


[Site "https://www.chess.com"]

[Event "Titled Tuesday Blitz September 14 2021"]
[White "Yaksin, Oleg"]
[Black "Perez Ponsa, Federico"]
[WhiteFideId "24105880"]
[BlackFideId "117927"]
[WhiteElo "2310"]
[BlackElo "2672"]
[Result "0-1"]
[Round "08"]
[TimeControl "180+1"]
[Date "2021.09.15"]
[WhiteClock "0:00:01"]
[BlackClock "0:00:50"]

1. d4 Nf6 2. c4 c5 3. d5 e6 4. g3 exd5 5. cxd5 d6 6. Bg2 g6 7. Nc3 Bg7 8. Nf3 O-O 9. O-O Na6 10. Nd2 Nc7 11. a4 b6 12. Re1 Re8 13. e4 Ba6 14. Qb3 Ng4 15. Nf3 Rb8 16. Bg5 Qd7 17. h3 Ne5 18. Nxe5 Bxe5 19. f4 Bd4+ 20. Kh2 f6 21. Bh4 Qg7 22. g4 g5 23. Bg3 gxf4 24. Bxf4 Be5 25. Bxe5 Rxe5 26. Bf1 h5 27. Bxa6 Nxa6 28. gxh5 Kh8 29. Rg1 Qh7 30. Qd1 Rxh5 31. Qf3 Rf8 32. Nb5 f5 33. Nxd6 Nb4 34. Nxf5 Qf7 35. Raf1 Rh7 36. d6 Qf6 37. Qf4 Nd3 38. Qg3 Qxb2+ 39. Rg2 Qe5 40. Qxe5+ Nxe5 41. Rgf2 Ng4+ 42. Kg3 Nxf2 43. Rxf2 c4 44. e5 Re8 45. Kf4 c3 46. Ke4 Rxh3 47. Kd5 Rd3+ 48. Nd4 Rc8 49. Rc2 Rd2 50. d7 Rd8 51. e6 Kg7 52. Rxc3 Kf6 53. Rf3+ Kg6 54. Rf7 a6 55. Ke5 Rd1 56. Nc6 Re1+ 57. Kd6 Rh8 0-1


[Site "https://www.chess.com"]

[Event "Titled Tuesday Blitz September 14 2021"]
[White "Zhigalko, Sergei"]
[Black "Lashkin, Jegor"]
[WhiteFideId "13502956"]
[BlackFideId "13907808"]
[WhiteElo "2662"]
[BlackElo "2293"]
[Result "1-0"]
[Round "08"]
[TimeControl "180+1"]
[Date "2021.09.15"]
[WhiteClock "0:00:06"]
[BlackClock "0:00:04"]

1. e4 c5 2. Nf3 d6 3. d4 cxd4 4. Qxd4 Nc6 5. Bb5 Bd7 6. Bxc6 Bxc6 7. Nc3 Nf6 8. Bg5 e6 9. O-O-O Be7 10. Rhe1 O-O 11. Kb1 Qa5 12. Qd2 Rfe8 13. Nd4 Rac8 14. f3 Qa6 15. g4 b5 16. Nce2 Qb7 17. Ng3 b4 18. Rg1 Nd7 19. Bxe7 Rxe7 20. Nh5 g6 21. Qh6 f6 22. g5 fxg5 23. Rxg5 Nf8 24. Rdg1 Rf7 25. h4 Bxe4 26. fxe4 Qxe4 27. Qg7+ Rxg7 28. Nf6+ Kh8 29. Nxe4 d5 30. Nd2 Re8 31. N2f3 h6 32. Re5 Rf7 33. Ree1 Kh7 34. Ne5 Rf4 35. Rg4 Rf6 36. b3 a6 37. Ndf3 Rc8 38. Rxb4 Rc7 39. Rg1 Kg7 40. a4 Rf5 41. Rbg4 Rf6 42. Kb2 Kh7 43. Nd4 Rg7 44. R1g2 h5 45. Rg5 Rf4 46. Ndf3 Re4 47. R5g3 Rf4 48. Ng5+ Kg8 49. Ngf3 Kh7 50. Kc1 a5 51. Kd2 Kh6 52. Ke3 Re4+ 53. Kd3 Rf4 54. Rg1 Rf5 55. c3 Rf4 56. R3g2 Rf5 57. Ke3 Kh7 58. Rg5 Rf6 59. Nd4 Kh6 60. R1g2 Nh7 61. Nef3 Rf8 62. Re5 Rf6 63. Ng5 Re7 64. Rf2 Rxf2 65. Kxf2 Nxg5 66. hxg5+ Kg7 67. Rxe6 Rf7+ 68. Ke2 Rc7 69. Kd2 h4 70. Re3 Rf7 71. Rh3 Rf4 72. Ne6+ Kf7 73. Nxf4 1-0


[Site "https://www.chess.com"]

[Event "Titled Tuesday Blitz September 14 2021"]
[White "Andreikin, Dmitry"]
[Black "Moroni, Luca Jr"]
[WhiteFideId "4158814"]
[BlackFideId "865834"]
[WhiteElo "2736"]
[BlackElo "2491"]
[Result "0-1"]
[Round "09"]
[TimeControl "180+1"]
[Date "2021.09.15"]
[WhiteClock "0:00:04"]
[BlackClock "0:00:05"]

1. e4 e5 2. Nf3 Nc6 3. Nc3 Nf6 4. Bb5 Bd6 5. O-O O-O 6. Re1 a6 7. Bf1 Re8 8. h3 Bc5 9. d3 h6 10. Ne2 d5 11. exd5 Qxd5 12. Nc3 Qd6 13. Be3 Bf5 14. Nd2 Bxe3 15. Rxe3 Rad8 16. Nc4 Qc5 17. Qe1 b5 18. Nd2 Nd4 19. Rc1 Qd6 20. Nce4 Nxe4 21. Nxe4 Bxe4 22. dxe4 Ne6 23. Rd3 Qb6 24. Rcd1 Rxd3 25. Rxd3 Rd8 26. Rxd8+ Nxd8 27. Qd2 Ne6 28. Qd7 Qd4 29. Qe8+ Nf8 30. Qc6 Qxb2 31. Qxa6 b4 32. Qc6 Qxa2 33. Qxc7 Qa1 34. g3 Qc3 35. Bc4 Qe1+ 36. Kg2 Qxe4+ 37. Kh2 Qf3 38. Kg1 e4 39. Qc5 Ng6 40. Qxb4 e3 41. Qe1 exf2+ 42. Qxf2 Qd1+ 43. Kg2 Ne5 44. Bb3 Qd6 45. Qe3 Qc6+ 46. Kf2 Qd6 47. Qe4 Qd2+ 48. Qe2 Qd4+ 49. Qe3 Qd6 50. Ke2 g6 51. Qd2 Qc6 52. Qd5 Qa6+ 53. Ke3 Qf6 54. c4 Qb6+ 55. c5 Qf6 56. Qd6 Qf3+ 57. Kd4 Nc6+ 58. Kc4 Na5+ 59. Kb5 Nxb3 60. c6 Qe2+ 61. Kb6 Qe3+ 62. Kc7 Qa7+ 63. Kd8 Na5 64. c7 Nb7+ 65. Ke7 Nxd6 66. Kxd6 Qb7 67. Kd7 Qd5+ 0-1


[Site "https://www.chess.com"]

[Event "Titled Tuesday Blitz September 14 2021"]
[White "Bluebaum, Matthias"]
[Black "Keymer, Vincent"]
[WhiteFideId "24651516"]
[BlackFideId "12940690"]
[WhiteElo "2933"]
[BlackElo "2889"]
[Result "1-0"]
[Round "09"]
[TimeControl "180+1"]
[Date "2021.09.15"]
[WhiteClock "0:00:20"]
[BlackClock "0:00:09"]

1. d4 Nf6 2. Nf3 e6 3. Bf4 d5 4. e3 Bd6 5. Ne5 O-O 6. Nd2 c5 7. c3 Qc7 8. Bd3 b6 9. Qe2 a5 10. h4 Ba6 11. Bxa6 Nxa6 12. h5 h6 13. g4 Nh7 14. a4 Nb8 15. Bg3 Nc6 16. f4 f6 17. Ng6 Rf7 18. Qf3 Re8 19. O-O Nf8 20. Nh4 Qd7 21. Kg2 Bc7 22. Rae1 Nh7 23. Ng6 Nf8 24. Nh4 Nh7 25. Nb3 c4 26. Nd2 Ne7 27. e4 Qxa4 28. exd5 Nxd5 29. Re2 Qc6 30. Kh2 b5 31. Ng6 Nf8 32. Nh4 Qd7 33. Rfe1 Ree7 34. Ne4 Qc8 35. Nc5 Bd6 36. Nxe6 Nxe6 37. Qxd5 Nxf4 38. Bxf4 Bxf4+ 39. Kh3 Rxe2 40. Rxe2 Qd7 41. Ng6 Bd6 42. Qa8+ Bf8 43. Re8 Qd6 44. Ne7+ Kh7 45. Rxf8 Rxf8 46. Qxf8 Qe6 47. Nf5 Qd7 48. d5 b4 49. d6 bxc3 50. bxc3 Qb7 51. Qxg7+ Qxg7 52. Nxg7 a4 53. d7 a3 54. d8=Q a2 55. Qa5 1-0


[Site "https://www.chess.com"]

[Event "Titled Tuesday Blitz September 14 2021"]
[White "Bortnyk, Olexandr"]
[Black "Ajay, Karthikeyan"]
[WhiteFideId "14120828"]
[BlackFideId "35011685"]
[WhiteElo "2723"]
[BlackElo "2183"]
[Result "1-0"]
[Round "09"]
[TimeControl "180+1"]
[Date "2021.09.15"]
[WhiteClock "0:02:51"]
[BlackClock "0:01:22"]

1. d4 Nf6 2. Nc3 d5 3. Bf4 Bf5 4. e3 e6 5. Nf3 a6 6. Ne5 Nbd7 7. g4 Bg6 8. h4 h5 9. Nxg6 fxg6 10. g5 Ne4 11. Nxe4 dxe4 12. Bg2 c6 13. Bxe4 Kf7 14. Qf3 Kg8 15. Bxg6 Be7 16. Bf7+ Kxf7 17. Bc7+ Kg8 18. Bxd8 Rxd8 19. O-O-O Nf8 20. Qe4 Rd5 21. c4 Rf5 22. f4 g6 23. d5 cxd5 24. cxd5 1-0


[Site "https://www.chess.com"]

[Event "Titled Tuesday Blitz September 14 2021"]
[White "Budrewicz, Krzysztof"]
[Black "Rozman, Levy"]
[WhiteFideId "1127950"]
[BlackFideId "2039877"]
[WhiteElo "2242"]
[BlackElo "2376"]
[Result "0-1"]
[Round "09"]
[TimeControl "180+1"]
[Date "2021.09.15"]
[WhiteClock "0:00:03"]
[BlackClock "0:00:05"]

1. d4 g6 2. c4 Bg7 3. Nc3 c5 4. d5 Bxc3+ 5. bxc3 f5 6. f3 Qa5 7. Qc2 Nf6 8. Bd2 d6 9. e4 Nbd7 10. exf5 gxf5 11. Qxf5 Qa4 12. Qb1 Ne5 13. Qb3 Bd7 14. h3 Nh5 15. f4 Ng3 16. fxe5 Qxb3 17. axb3 Nxh1 18. e6 Bc8 19. Ne2 O-O 20. Bf4 b5 21. cxb5 a6 22. g4 Bb7 23. Bg2 axb5 24. Rxa8 Rxa8 25. Bxh1 Ra3 26. Nc1 c4 27. bxc4 bxc4 28. Bg5 Kf8 29. Be4 Rxc3 30. Ne2 Rxh3 31. Kd2 Bxd5 32. Bh6+ Rxh6 33. Bxd5 Rg6 34. Bxc4 Rxg4 35. Bd5 h5 36. Ke3 h4 37. Bf3 Rg5 38. Nf4 Kg7 39. Kf2 Kf6 40. Bg2 Ke5 41. Nd3+ Kxe6 42. Bh3+ Kf6 43. Nf4 d5 0-1


[Site "https://www.chess.com"]

[Event "Titled Tuesday Blitz September 14 2021"]
[White "Chigaev, Maksim"]
[Black "Khanin, Semen"]
[WhiteFideId "4108116"]
[BlackFideId "4111990"]
[WhiteElo "2610"]
[BlackElo "2449"]
[Result "0-1"]
[Round "09"]
[TimeControl "180+1"]
[Date "2021.09.15"]
[WhiteClock "0:00:08"]
[BlackClock "0:00:07"]

1. c4 g6 2. g3 Bg7 3. Bg2 c5 4. Nc3 Nc6 5. a3 a5 6. Rb1 d6 7. e3 e5 8. Nge2 Nge7 9. O-O O-O 10. d3 Be6 11. Nd5 Rb8 12. Nec3 Qd7 13. Bd2 f5 14. f4 h6 15. Qa4 Kh7 16. b4 axb4 17. axb4 cxb4 18. Nxb4 Nxb4 19. Qxd7 Bxd7 20. Rxb4 Bc6 21. Rfb1 Ra8 22. Nd5 Ra2 23. Be1 b5 24. fxe5 dxe5 25. e4 Nxd5 26. exd5 Bd7 27. c5 e4 28. dxe4 fxe4 29. c6 Bg4 30. h3 Bf3 31. Bxf3 exf3 32. Rf4 Rg2+ 33. Kf1 Rxf4 34. gxf4 Bd4 35. Bf2 Rxf2+ 36. Ke1 Rh2 37. c7 Rc2 38. d6 Bb6 39. Rd1 Kg7 40. f5 gxf5 41. d7 Bxc7 42. d8=Q Bxd8 43. Rxd8 b4 44. Rb8 Rb2 45. Rb6 b3 46. Kf1 Kf7 47. h4 Ke7 48. h5 Kd7 49. Rxh6 Rc2 50. Rb6 b2 51. h6 Rc1+ 52. Kf2 b1=Q 0-1


[Site "https://www.chess.com"]

[Event "Titled Tuesday Blitz September 14 2021"]
[White "Csonka, Balazs"]
[Black "Yaksin, Oleg"]
[WhiteFideId "742910"]
[BlackFideId "24105880"]
[WhiteElo "2404"]
[BlackElo "2310"]
[Result "1-0"]
[Round "09"]
[TimeControl "180+1"]
[Date "2021.09.15"]
[WhiteClock "0:00:04"]
[BlackClock "0:00:03"]

1. Nf3 Nf6 2. c4 e6 3. g3 b6 4. Bg2 Bb7 5. O-O c5 6. d4 cxd4 7. Qxd4 Bc5 8. Qd3 Be4 9. Qd2 O-O 10. Nc3 Bb7 11. b3 Ne4 12. Nxe4 Bxe4 13. Bb2 Nc6 14. Rfd1 d5 15. cxd5 exd5 16. Nd4 Nxd4 17. Bxd4 Qe7 18. Bxc5 Qxc5 19. Rac1 Qa3 20. h4 h6 21. Rc3 Rae8 22. Re3 Bxg2 23. Rxe8 Rxe8 24. Kxg2 Qc5 25. e3 Re5 26. Qd4 Qe7 27. Rd3 g5 28. hxg5 hxg5 29. Qg4 Kg7 30. Qf3 Kg6 31. Rxd5 Rxd5 32. Qxd5 f6 33. Qa8 a5 34. Qg8+ Kh6 35. Qh8+ Kg6 36. Qg8+ Kh6 37. Qd5 Kg6 38. a4 Qe8 39. Qd3+ Kg7 40. Qd4 Kg6 41. Qxb6 Qe4+ 42. Kh2 Qf3 43. Kg1 Qd1+ 44. Kg2 Qd5+ 45. Kh2 Qf3 46. e4 Qxe4 47. Qxa5 Qc2 48. Qb6 1-0


[Site "https://www.chess.com"]

[Event "Titled Tuesday Blitz September 14 2021"]
[White "Deac, Bogdan-Daniel"]
[Black "Weetik, Vjacheslav"]
[WhiteFideId "1226380"]
[BlackFideId "4153472"]
[WhiteElo "2605"]
[BlackElo "2469"]
[Result "1-0"]
[Round "09"]
[TimeControl "180+1"]
[Date "2021.09.15"]
[WhiteClock "0:00:02"]
[BlackClock "0:00:03"]

1. d4 Nf6 2. c4 g6 3. Nc3 Bg7 4. e4 d6 5. h3 O-O 6. Be3 e5 7. d5 a5 8. g4 Na6 9. Nge2 h5 10. f3 Nh7 11. Rg1 hxg4 12. hxg4 Bf6 13. Qd2 Bg5 14. O-O-O Bxe3 15. Qxe3 Qg5 16. f4 exf4 17. Nxf4 Nc5 18. Be2 Bd7 19. Rdf1 Rfe8 20. Rh1 Nf6 21. Bf3 Re5 22. Kb1 a4 23. Qd2 Kg7 24. Qh2 Rg8 25. Nh3 Qe3 26. g5 Ng4 27. Bxg4 Bxg4 28. Nf4 Kf8 29. Qh7 Re7 30. Nxg6+ Rxg6 31. Qxg6 Ke8 32. Qg8+ Kd7 33. g6 Nxe4 34. gxf7 Nxc3+ 35. bxc3 Qd3+ 36. Kb2 a3+ 37. Kb3 1-0


[Site "https://www.chess.com"]

[Event "Titled Tuesday Blitz September 14 2021"]
[White "Dobrov, Vladimir"]
[Black "Hansen, Eric"]
[WhiteFideId "4136594"]
[BlackFideId "2606771"]
[WhiteElo "2614"]
[BlackElo "2568"]
[Result "0-1"]
[Round "09"]
[TimeControl "180+1"]
[Date "2021.09.15"]
[WhiteClock "0:00:33"]
[BlackClock "0:00:45"]

1. d4 Nf6 2. c4 g6 3. Nc3 d5 4. cxd5 Nxd5 5. Na4 e5 6. dxe5 Nc6 7. Bd2 Bf5 8. f3 Ndb4 9. e4 Bxe4 10. Rc1 Nxa2 11. fxe4 Qh4+ 12. g3 Qxe4+ 13. Kf2 Nxc1 14. Bxc1 Rd8 15. Qb3 Nxe5 16. Bg2 Nd3+ 0-1


[Site "https://www.chess.com"]